 Dungeon Crawl Stone Soup version 0.32-a0-747-gc8563f6773 (webtiles) character file.

Game seed: 8927546528898896539

3835 pokeman the Thaumaturge (level 9, -1/48 HPs)
             Began as a Deep Elf Hedge Wizard on Mar 17, 2024.
             Was a Believer of Vehumet.
             Slain by a two-headed ogre
             ... wielding a +0 giant club
              (28 damage)
             ... on level 8 of the Dungeon.
             The game lasted 00:21:29 (8293 turns).

pokeman the Thaumaturge (Deep Elf Hedge Wizard)     Turns: 8293, Time: 00:21:30

Health: -1/48      AC:  9    Str:  7    XL:     9   Next: 98%
Magic:  24/36      EV: 12    Int: 24    God:    Vehumet [**....]
Gold:   929        SH:  5    Dex: 14    Spells: 22/33 levels left

rFire   . . .        q - +2 dagger (venom)
rCold   . . .        (no shield)
rNeg    . . .        b - +0 robe
rPois   .            c - +0 hat
rElec   .            D - +2 cloak
rCorr   .            (no gloves)
SInv    .            (no boots)
Will    .....        v - amulet of reflection
Stlth   ++           r - +4 ring of protection
HPRegen 0.28/turn    u - ring of magical power
MPRegen 0.25/turn

%: reflection
@: no status effects
A: no striking features
a: Renounce Religion


You were on level 8 of the Dungeon.
You worshipped Vehumet.
Vehumet was pleased with you.
You visited 2 branches of the dungeon, and saw 9 of its levels.
You also visited: Bailey.

You collected 929 gold pieces.

Inventory:

Hand Weapons
 a - a +2 quarterstaff of chaos
 q - a +2 dagger of venom (weapon)
Armour
 b - a +0 robe (worn)
 c - a +0 hat (worn)
 p - a +0 robe of resistance
 D - a +2 cloak (worn)
Magical Staves
 s - a staff of cold
 E - a staff of alchemy
Jewellery
 n - a ring of ice
 r - a +4 ring of protection (left hand)
 t - a ring of see invisible
 u - a ring of magical power (right hand)
 v - an amulet of reflection (around neck)
 y - a ring of willpower
 N - a ring of resist corrosion
Wands
 B - a wand of digging (4)
 C - a wand of paralysis (6)
 O - a wand of iceblast (9)
Scrolls
 e - 7 scrolls of identify {unknown}
 f - 2 scrolls of acquirement {unknown}
 g - 2 scrolls of teleportation {unknown}
 h - 3 scrolls of noise {unknown}
 i - 2 scrolls of blinking {unknown}
 j - 9 scrolls of enchant weapon
 l - 2 scrolls of fear {unknown}
 w - 2 scrolls of poison {unknown}
 J - 3 scrolls of enchant armour
 K - 3 scrolls of summoning
 L - a scroll of brand weapon
Potions
 d - 4 potions of magic
 k - a potion of attraction {unknown}
 m - 3 potions of curing {unknown}
 o - a potion of resistance {unknown}
 x - a potion of heal wounds {unknown}
 z - 2 potions of enlightenment {unknown}
 A - 5 potions of mutation {unknown}
 F - a potion of haste {unknown}
 G - 2 potions of might {unknown}
 H - 3 potions of brilliance {unknown}
 I - a potion of cancellation {unknown}
 M - a potion of lignification {unknown}


   Skills:
 - Level 2.1 Fighting
 + Level 2.8 Armour
 - Level 3.0 Dodging
 - Level 3.0 Stealth
 - Level 3.0 Shields
 * Level 12.5 Spellcasting
 + Level 7.0 Conjurations
 - Level 1.1 Summonings
 - Level 1.1 Translocations
 + Level 6.3 Ice Magic
 - Level 1.1 Air Magic
 - Level 1.1 Alchemy
 - Level 1.1 Evocations


You had 22 spell levels left.
You knew the following spells:

 Your Spells              Type           Power      Damage    Failure   Level
a - Magic Dart            Conj           100%       1d8       1%          1
b - Mephitic Cloud        Conj/Alch/Air  29%        N/A       3%          3
c - Call Imp              Summ           40%        N/A       4%          2
d - Blink                 Tloc           40%        N/A       4%          2
e - Summon Ice Beast      Ice/Summ       32%        N/A       2%          3

Your spell library contained the following spells:

 Spells                   Type           Power      Damage    Failure   Level
 Sting                    Conj/Alch      100%       1d9       1%          1
 Momentum Strike          Conj/Tloc      68%        3d9       1%          2
 Dazzling Flash           Conj/Hex       62%        N/A       3%          3
 Necrotise                Necr           60%        1d7       4%          1
 Slow                     Hex            60%        N/A       4%          1
 Cigotuvi's Dreadful Rot  Necr/Alch/Air  36%        N/A       4%          2
 Lesser Beckoning         Tloc           40%        N/A       4%          2
 Mercury Vapours          Alch/Air       40%        N/A       4%          2
 Vampiric Draining        Necr           15%        2d7       12%         3
 Arcjolt                  Conj/Air       17%        1d27      22%         5
 Olgreb's Toxic Radiance  Alch           20%        N/A       26%         4
 Vhi's Electric Charge    Tloc/Air       40%        N/A       26%         4
 Martyr's Knell           Necr/Summ      17%        N/A       32%         4
 Silence                  Hex/Air        8%         N/A       65%         5
 Summon Mana Viper        Hex/Summ       17%        N/A       65%         5
 Curse of Agony           Necr           15%        N/A       75%         5
 Monstrous Menagerie      Summ           10%        N/A       100%        7
 Maxwell's Capacitive Co  Air            10%        ∞         100%        8


Dungeon Overview and Level Annotations

Branches:
Dungeon (8/15)             Temple (1/1) D:4          Bailey (visited)
   Lair: D:8-11

Altars:
Ashenzari
Cheibriados
Elyvilon
Fedhas
Gozag
Hepliaklqana
Kikubaaqudgha
Makhleb
Nemelex Xobeh
Okawaru
Qazlal
Ru
Sif Muna
Trog
Uskayaw
Vehumet
Wu Jian
Xom
Yredelemnul
Zin
The Shining One

Shops:
D:2 :[   D:3 ?


Message History

The orc warrior hits the two-headed ogre with a +0 long sword.
Something asks, "Where am I?"
The two-headed ogre is engulfed in noxious fumes.
Unknown command.
Unknown command.
You hit the orc but do no damage.
The orc is poisoned.
You kill the orc warrior!
Vehumet accepts your kill.
You feel your power returning.
The orc is engulfed in noxious fumes.
The orc appears confused.
The two-headed ogre is engulfed in noxious fumes.
The two-headed ogre appears confused.
Your ice beast hits the two-headed ogre but does no damage.
Your Conjurations skill increases to level 7!
Unknown command.
You barely miss the two-headed ogre.
The two-headed ogre is lightly wounded.
The orc is engulfed in noxious fumes.
The orc appears confused.
An orc warrior comes into view. It is wielding a +0 hand axe.
The two-headed ogre is engulfed in noxious fumes.
The two-headed ogre hits you with a +0 giant club!
The two-headed ogre closely misses you.
Your ice beast hits the two-headed ogre but does no damage.
Unknown command.
You hit the two-headed ogre but do no damage.
The two-headed ogre is poisoned.
The two-headed ogre is lightly wounded.
The orc is engulfed in noxious fumes.
The orc appears confused.
Your ice beast hits the two-headed ogre.
Your ice beast freezes the two-headed ogre!
Unknown command.
Unknown command.
You hit the two-headed ogre but do no damage.
The two-headed ogre looks as sick as possible!
The two-headed ogre is heavily wounded.
The two-headed ogre is engulfed in noxious fumes.
The two-headed ogre hits you with a +0 giant club.
The two-headed ogre hits you with a +0 giant spiked club!!
Ouch! That really hurt!
You die...

#.#.#..####.## #...#..# #..#
#..##..# ##.# ##.#..## #.#
##....# #.# #...#.# #.#
#..##.######.#####
##..##.#........... #.@Y#
............† #
###§O.##............. #.
##.§☼§..#.............
####.##..o☼☼[...............
......$)).###.#...........~.
..##.#.)#.# #.#.........)...
#..o>##.# #............†..
.....#.##..#
##.#............ ....#.. .##
.##.....#>....


You could see a two-headed ogre (confused, extremely poisoned), an orc warrior,
an orc (confused, very poisoned, ally target) and a friendly ice beast
(summoned).

Vanquished Creatures
  An orc knight (Bailey)
  A wyvern (D:7)
  A steam dragon (D:6)
  2 water moccasins
  5 orc warriors
  A black bear (D:7)
  2 centaurs
  A kobold brigand (D:7)
  2 bullfrogs
  A gnoll sergeant (D:6)
  2 scorpions (D:7)
  3 killer bees (D:8)
  2 howler monkeys
  2 bombardier beetles
  4 hounds
  Crazy Yiuf (D:2)
  An orc priest (D:8)
  A jelly (D:7)
  A sleepcap (D:6)
  2 iguanas
  8 orc wizards
  4 gnolls (D:6)
  An adder (D:2)
  2 shadow imps
  3 white imps
  3 ufetubi
  3 dart slugs
  3 ribbon worms
  26 orcs
  11 ball pythons
  4 bats
  8 endoplasms
  3 giant cockroaches
  9 goblins
  9 hobgoblins
  4 quokkas
  5 frilled lizards
  12 kobolds
  9 rats
163 creatures vanquished.

Vanquished Creatures (collateral kills)
  A water moccasin (D:7)
  5 orc warriors (Bailey)
  A sky beast (D:8)
  A kobold brigand (D:6)
  A killer bee (D:8)
  An orc wizard (D:8)
  An ufetubus (D:6)
  13 orcs
  3 kobolds (D:6)
27 creatures vanquished.

Grand Total: 190 creatures vanquished

Notes
Turn   | Place    | Note
-------+----------+-------------------------------------------
     0 | D:1      | pokeman the Deep Elf Hedge Wizard began the quest for the
                  | Orb.
     0 | D:1      | Reached XP level 1. HP: 10/10 MP: 7/7
   311 | D:1      | Reached XP level 2. HP: 16/16 MP: 5/9
   481 | D:1      | Found a faded altar of an unknown god.
   784 | D:1      | Reached skill level 5 in Spellcasting
  1022 | D:1      | Reached XP level 3. HP: 20/20 MP: 8/11
  1026 | D:1      | Learned a level 3 spell: Mephitic Cloud
  1029 | D:1      | Learned a level 2 spell: Call Imp
  1032 | D:1      | Learned a level 2 spell: Blink
  1358 | D:2      | Found Nepn's Book Emporium.
  1524 | D:2      | Found Tuateyco's Antique Armour Shop.
  1982 | D:2      | Reached skill level 1 in Armour
  2143 | D:2      | Reached skill level 1 in Fighting
  2537 | D:2      | Found a runed translucent door.
  2538 | D:2      | Noticed Crazy Yiuf
  2560 | D:2      | Killed Crazy Yiuf
  2561 | D:2      | Reached XP level 4. HP: 10/25 MP: 3/13
  3126 | D:3      | Found Konarucs's Magic Scroll Emporium.
  3156 | D:3      | Reached skill level 6 in Spellcasting
  3386 | D:3      | Reached XP level 5. HP: 27/29 MP: 10/15
  4286 | D:4      | Found a staircase to the Ecumenical Temple.
  4295 | Temple   | Entered the Ecumenical Temple
  4303 | Temple   | Became a worshipper of Vehumet
  4712 | D:5      | Entered Level 5 of the Dungeon
  4856 | D:5      | Noticed a centaur
  4866 | D:5      | Killed a centaur
  4867 | D:5      | Reached skill level 1 in Ice Magic
  4867 | D:5      | Reached skill level 1 in Air Magic
  4867 | D:5      | Reached skill level 1 in Alchemy
  4867 | D:5      | Reached skill level 1 in Evocations
  4867 | D:5      | Reached XP level 6. HP: 34/34 MP: 17/17
  4921 | D:5      | Noticed a water moccasin
  5014 | D:5      | Reached skill level 7 in Spellcasting
  5064 | D:5      | Killed a water moccasin
  5280 | D:5      | Reached XP level 7. HP: 39/39 MP: 19/19
  5297 | D:5      | Found a glowing golden altar of the Shining One.
  5297 | D:5      | Found a bloodstained altar of Trog.
  5297 | D:5      | Found a glowing silver altar of Zin.
  5297 | D:5      | Found a sacrificial altar of Ru.
  5885 | D:6      | Reached * piety under Vehumet
  5885 | D:6      | Offered knowledge of Freeze by Vehumet.
  5889 | D:6      | Reached skill level 8 in Spellcasting
  5913 | D:6      | Learned a level 3 spell: Summon Ice Beast
  5949 | D:6      | Found a stormy altar of Qazlal.
  6091 | D:6      | Noticed a steam dragon
  6103 | D:6      | Killed a steam dragon
  6230 | D:6      | Reached skill level 1 in Shields
  6232 | D:6      | Reached XP level 8. HP: 34/44 MP: 20/22
  6651 | D:7      | Reached skill level 9 in Spellcasting
  6862 | D:7      | Found a flagged portal.
  6878 | Bailey   | Entered a bailey
  7041 | Bailey   | Noticed an orc knight
  7061 | Bailey   | Reached skill level 5 in Conjurations
  7100 | Bailey   | Killed an orc knight
  7101 | Bailey   | Reached skill level 10 in Spellcasting
  7101 | Bailey   | Reached XP level 9. HP: 38/48 MP: 23/25
  7106 | Bailey   | Reached skill level 5 in Ice Magic
  7157 | Bailey   | Offered knowledge of Momentum Strike by Vehumet.
  7258 | Bailey   | Reached ** piety under Vehumet
  7259 | Bailey   | Reached skill level 11 in Spellcasting
  7451 | D:7      | Found an iron altar of Okawaru.
  7856 | D:7      | Reached skill level 12 in Spellcasting
  8279 | D:8      | Noticed a two-headed ogre
  8293 | D:8      | Slain by a two-headed ogre

Illustrated notes

Levels and vault maps discovered:
D:1:      lightli_molten_gateway, layout_loops_ring,
          hellmonk_ecumenical_altar_inner_sanctum
D:2:      layout_loops_ring, serial_shops, shop, shop, uniq_crazy_yiuf_cottage
D:3:      layout_loops_ring, serial_shops, shop
D:4:      layout_gridville, minmay_temple_entry_large_hall
D:5:      layout_loops_ring, grunt_temple_overflow_cloverleaf,
          hangedman_glass_teeth
D:6:      layout_cave_pools, mainiacjoe_overflow_catwalk, minmay_misc_feat_five
D:7:      minmay_polygon_palace, layout_loops_ring,
          mainiacjoe_overflow_24_doors, enter_bailey_2
D:8:      layout_rooms
Temple:   bh_familiar_temple

Skill      XL: |  1  2  3  4  5  6  7  8  9 |
---------------+----------------------------+-----
Spellcasting   | 5 6 7 8 10 12 | 12.5
Armour         | 1 2 |  2.8
Conjurations   | 2 3 4 5 7 |  7.0
Fighting       | 1 2 |  2.1
Stealth        | 3 |  3.0
Dodging        | 3 |  3.0
Ice Magic      | 1 2 3 4 6 |  6.3
Air Magic      | 1 |  1.1
Alchemy        | 1 |  1.1
Evocations     | 1 |  1.1
Shields        | 1 2 3 |  3.0
Summonings     | |  1.1
Translocations | |  1.1

Action                     |  1- 3 |  4- 6 |  7- 9 || total
---------------------------+-------+-------+-------++-------
  Melee: Dagger            |    18 |    38 |   159 ||   215
         Quarterstaff      |       |    12 |       ||    12
   Cast: Magic Dart        |   116 |    89 |    90 ||   295
         Mephitic Cloud    |     2 |     6 |    31 ||    39
         Call Imp          |     1 |     3 |       ||     4
         Summon Ice Beast  |       |       |    18 ||    18
   Stab: Confused          |     2 |     3 |    16 ||    21
 Armour: Robe              |    12 |    24 |    96 ||   132
  Dodge: Dodged            |    18 |    17 |   102 ||   137
  Block: Other             |       |     6 |    45 ||    51
         Reflection        |       |       |     3 ||     3

Table legend: (Time is in decaauts)
 A = Elapsed time spent in this place.
 B = Non-inter-level travel time spent in this place.
 C = Inter-level travel time spent in this place.
 D = Time resting spent in this place.
 E = Time spent auto-exploring this place.
 F = Levels seen in this place.
 G = Mean time per level.
                   A        B        C        D        E       F      G
               +--------+--------+--------+--------+--------+-----+--------+
         Total |   8286 |   8109 |    177 |     43 |   6586 |  10 |  828.6 |
       Dungeon |   7862 |   7691 |    171 |     43 |   6426 |   8 |  982.8 |
        Temple |     15 |      9 |      6 |      0 |      0 |   1 |   15.0 |
        Bailey |    407 |    407 |      0 |      0 |    160 |   1 |  407.0 |
               +--------+--------+--------+--------+--------+-----+--------+

Top non-repeatable levels by time:
     D:2: 1394 daAuts
     D:1: 1307 daAuts
     D:5: 1150 daAuts
     D:7: 1084 daAuts
     D:3: 1034 daAuts
     D:4: 954 daAuts
     D:6: 755 daAuts
  Bailey: 407 daAuts
     D:8: 181 daAuts
  Temple: 15 daAuts
